 Dungeon Crawl Stone Soup version 0.31-a0-640-g39d97e502b (webtiles) character file.

Game seed: 5435612434665786206

242 qw the Shooter (level 6, -1/38 HPs)
             Began as a Gargoyle Hunter on Aug 27, 2023.
             Slain by a gnoll
             ... wielding a +0 halberd
             ... led by a gnoll bouda
              (7 damage)
             ... on level 4 of the Dungeon.
             The game lasted 00:01:02 (2120 turns).

qw the Shooter (Gargoyle Hunter)                    Turns: 2120, Time: 00:01:02

Health: -1/38      AC: 12    Str: 14 (15) XL:     6   Next: 9%
Magic:  0/6        EV: 10    Int:  6 (9)  God:
Gold:   65         SH:  0    Dex: 14 (15) Spells: 5/5 levels left

rFire   . . .        Y - +0 shortbow
rCold   . . .        (shield currently unavailable)
rNeg    + + .        h - +2 ring mail {rN+}
rPois   inf          (no helmet)
rElec   +            (no cloak)
rCorr   .            b - +0 pair of gloves
SInv    .            (no boots)
Will    .....        e - amulet of guardian spirit
Stlth   +            (no ring)
HPRegen 0.26/turn    (no ring)
MPRegen 0.10/turn

%: guardian spirit
@: no status effects
A: sickness immunity, AC +4, negative energy resistance 1, electricity
resistance, torment resistance 1, petrification resistance
a: no special abilities


You were on level 4 of the Dungeon.
You visited 1 branch of the dungeon, and saw 4 of its levels.

You collected 65 gold pieces.


Innate Abilities, Weirdness & Mutations

You are immune to sickness and miasma.
Your stone body is resilient. (AC +4)
You are immune to poison.
You resist negative energy. (rN+)
You are resistant to electric shocks. (rElec)
You are resistant to unholy torment.
You are immune to petrification.


   Skills:
 - Level 4.2 Fighting
 + Level 6.1 Ranged Weapons
 - Level 1.0 Armour
 - Level 1.5 Dodging
 - Level 1.1 Stealth


You had 5 spell levels left.
You didn't know any spells.
Your spell library was empty.

Inventory:

Hand Weapons
 Y - a +0 shortbow (weapon)
Armour
 b - a +0 pair of gloves (worn)
 h - a +2 ring mail of positive energy (worn)
Jewellery
 e - an amulet of guardian spirit (around neck)
Wands
 a - a wand of digging (6)
Scrolls
 c - a scroll of identify
Potions
 g - a potion of curing

Dungeon Overview and Level Annotations

Branches:
Dungeon (4/15)
 Temple: D:4-7

Altars:
Dithmenos
Trog

Shops:
D:3 *


Message History

You shoot an arrow. The arrow closely misses the gnoll.
The arrow hits the gnoll.
You kill the gnoll!
The gnoll hits you with a +0 whip. The gnoll barely misses you.
You feel your strength returning.
You have reached level 6!
You shoot an arrow. The arrow hits the gnoll.
You kill the gnoll!
The gnoll is no longer moving quickly.
You shoot an arrow. The arrow barely misses the quokka.
The arrow hits the gnoll but does no damage.
The quokka bites you but does no damage.
The gnoll closely misses you.
The quokka bites you but does no damage.
You shoot an arrow. The arrow hits the quokka.
The quokka is heavily wounded.
The gnoll misses you. The quokka bites you.
You shoot an arrow. The arrow barely misses the quokka.
The arrow barely misses the gnoll. x2
The quokka bites you but does no damage.
The gnoll barely misses you. The quokka barely misses you.
The gnoll barely misses you.
You shoot an arrow. The arrow hits the quokka.
You kill the quokka!
The gnoll hits you from afar with a +0 halberd.
You shoot an arrow. The arrow barely misses the gnoll.
The arrow hits the gnoll.
The gnoll is lightly wounded.
The gnoll is no longer moving quickly.
The gnoll hits you from afar with a +0 halberd.
You shoot an arrow.
The arrow hits the gnoll but does no damage.
The gnoll misses you.
You shoot an arrow. The arrow hits the gnoll.
The gnoll is moderately wounded.
The gnoll hits you from afar with a +0 halberd!
You shoot an arrow. The arrow closely misses the gnoll.
The arrow hits the gnoll.
The gnoll is heavily wounded.
The gnoll hits you from afar with a +0 halberd!
You die...

###########
.....gg)@<#
......#####
....# ... .


You could see 2 gnolls.

Vanquished Creatures
  A gnoll bouda (D:4)
  Jessica (D:2)
  Terence (D:3)
  7 gnolls
  An adder (D:2)
  2 worms (D:2)
  3 dart slugs
  3 ball pythons
  5 endoplasms
  3 giant cockroaches (D:1)
  12 goblins
  8 hobgoblins
  8 jackals (D:1)
  5 quokkas
  6 frilled lizards
  4 kobolds
  6 rats
76 creatures vanquished.

Notes
Turn   | Place    | Note
-------+----------+-------------------------------------------
     0 | D:1      | qw the Gargoyle Hunter began the quest for the Orb.
     0 | D:1      | Reached XP level 1. HP: 12/12 MP: 1/1
     0 | D:1      | 0 ||| qw: Version: 0.3-a-74-g0d5e918
     0 | D:1      | 0 ||| qw: Game counter: 155
     0 | D:1      | 0 ||| qw: Melee chars always use a shield: true
     0 | D:1      | 0 ||| qw: God list: Okawaru
     0 | D:1      | 0 ||| qw: Allow faded altars: false
     0 | D:1      | 0 ||| qw: Do Orc after clearing Dungeon:15 true
     0 | D:1      | 0 ||| qw: Do second Lair branch before Depths: true
     0 | D:1      | 0 ||| qw: Lair rune preference: random
     0 | D:1      | 0 ||| qw: Goals: Normal
     0 | D:1      | 0 ||| PLANNING D:1-11
    38 | D:1      | Reached XP level 2. HP: 17/17 MP: 2/2
    58 | D:1      | 58 ||| Stepping ~*~*~tactically~*~*~ (outnumbered).
    64 | D:1      | 64 ||| Stepping ~*~*~tactically~*~*~ (retreating).
    67 | D:1      | 67 ||| Stepping ~*~*~tactically~*~*~ (retreating).
    68 | D:1      | 68 ||| Stepping ~*~*~tactically~*~*~ (retreating).
    69 | D:1      | 69 ||| Stepping ~*~*~tactically~*~*~ (retreating).
    70 | D:1      | 70 ||| Stepping ~*~*~tactically~*~*~ (retreating).
    71 | D:1      | 71 ||| Stepping ~*~*~tactically~*~*~ (retreating).
    72 | D:1      | 72 ||| Stepping ~*~*~tactically~*~*~ (retreating).
    78 | D:1      | Reached XP level 3. HP: 10/21 MP: 3/3
    85 | D:1      | HP: 4/21 [goblin/+0 dagger (2)]
    88 | D:1      | Reached skill level 5 in Ranged Weapons
   435 | D:1      | Reached skill level 3 in Fighting
   547 | D:1      | 547 ||| UPGRADING to +0 ring mail.
   557 | D:1      | 557 ||| DROPPING +0 leather armour.
   558 | D:1      | 558 ||| UPGRADING to amulet of guardian spirit.
   563 | D:1      | 563 ||| READING scroll labelled SEQIBL SISU.
   564 | D:1      | 564 ||| READING scroll labelled ITTOEMEOMY.
   565 | D:1      | 565 ||| DRINKING 2 orange potions.
   566 | D:1      | 566 ||| DROPPING scroll of butterflies.
   635 | D:2      | Reached skill level 1 in Armour
   635 | D:2      | Reached XP level 4. HP: 28/28 MP: 4/4
   931 | D:2      | Noticed Jessica
   935 | D:2      | Killed Jessica
   955 | D:2      | Found a shadowy altar of Dithmenos.
  1255 | D:2      | 1255 ||| UPGRADING to +0 pair of gloves.
  1260 | D:2      | 1260 ||| READING scroll labelled PIEDGHAXE WAAD.
  1261 | D:2      | 1261 ||| READING scroll labelled JOGAUH YFYFE.
  1267 | D:3      | Found a faded altar of an unknown god.
  1357 | D:3      | Found Woqel's Assorted Antiques.
  1365 | D:3      | 1365 ||| SHOPLISTING scroll of identify (58 gold, have 30).
  1365 | D:3      | 1365 ||| SHOPLISTING smoking leather armour (203 gold, have
                  | 30).
  1523 | D:3      | Reached XP level 5. HP: 32/32 MP: 5/5
  1629 | D:3      | Reached skill level 6 in Ranged Weapons
  1801 | D:3      | Noticed Terence
  1813 | D:3      | Killed Terence
  1841 | D:3      | Found a bloodstained altar of Trog.
  2042 | D:3      | 2042 ||| UPGRADING to +2 ring mail of positive energy.
  2052 | D:3      | 2052 ||| DROPPING +0 ring mail.
  2053 | D:3      | 2053 ||| DRINKING 3 sedimented blue potions.
  2054 | D:3      | 2054 ||| READING 2 scrolls of identify.
  2054 | D:3      | 2054 ||| IDENTIFYING smoky inky potion
  2055 | D:3      | 2055 ||| DROPPING potion of lignification.
  2056 | D:3      | 2056 ||| DROPPING 2 potions of degeneration.
  2088 | D:4      | 2088 ||| Stepping ~*~*~tactically~*~*~ (retreating).
  2112 | D:4      | Reached XP level 6. HP: 20/38 MP: 3/6
  2119 | D:4      | HP: 5/38 [gnoll/+0 halberd[a gnoll bouda] (7)]
  2120 | D:4      | Slain by a gnoll

Levels and vault maps discovered:
D:1:      dreamdust_arrival_sigmund_warning, layout_rooms, due_unseen_surprise
D:2:      layout_basic, basic_altar, uniq_jessica
D:3:      layout_loops_corners, trog_three_pillars_becter, serial_shops, shop,
          nicolae_ecumenical_pavilion, st_stairs_10, minmay_statues_item,
          kennysheep_generic_room_14, uniq_terence
D:4:      layout_rooms, uniq_natasha

Skill      XL: |  1  2  3  4  5 |
---------------+----------------+-----
Ranged Weapons | 5 6 |  6.1
Fighting       | 3 4 |  4.2
Armour         | 1 |  1.0
Dodging        | |  1.5
Stealth        | |  1.1

Action                     |  1- 3 |  4- 6 || total
---------------------------+-------+-------++-------
   Fire: Shortbow          |   116 |   146 ||   262
    Use: Scroll            |     2 |     3 ||     5
         Potion            |     1 |     1 ||     2
 Armour: Leather armour    |    37 |       ||    37
         Ring mail         |     1 |    34 ||    35
  Dodge: Dodged            |    42 |    44 ||    86

Table legend:
 A = Non-vault XP
 B = Vault XP
 C = Vault XP percentage of total XP
 D = Non-vault monster count
 E = Vault monster count
 F = Vault count percentage of total count
                 A         B        C        D         E       F
            +---------+---------+-------+---------+---------+-------
      Total |     275 |      71 |  20.5 |      72 |       4 |   5.3
            +---------+---------+-------+---------+---------+-------
        D:1 |      71 |       0 |   0.0 |      37 |       0 |   0.0
        D:2 |      48 |      37 |  43.5 |      17 |       1 |   5.6
        D:3 |      71 |      34 |  32.4 |      13 |       3 |  18.8
        D:4 |      85 |       0 |   0.0 |       5 |       0 |   0.0
            +---------+---------+-------+---------+---------+-------
